 Dungeon Crawl Stone Soup version 0.17-a0-1368-g6ab37f2 (webtiles) character file.

8241 HEYYEYAAE the Zephyrmancer (level 11, -7/77 HPs)
             Began as a Human Air Elementalist on June 12, 2015.
             Was an Elder of Vehumet.
             Shot with a bolt by an orc warrior (27 damage)
             ... in a bailey.
             The game lasted 00:20:21 (9031 turns).

HEYYEYAAE the Zephyrmancer (Human Air Elementalist) Turns: 9031, Time: 00:20:21

Health: -7/77      AC: 13    Str: 13    XL:     11   Next: 52%
Magic:  23/23      EV:  9    Int: 23    God:    Vehumet [****..]
Gold:   609        SH:  0    Dex: 15    Spells: 5 memorised, 15 levels left

rFire  . . .     SeeInvis .     u - +3 flail (protect)
rCold  + . .     Clarity  +     x - +1 leather armour of Chill Winds {rElec rC+ Int+5}
rNeg   . . .     SustAt   .     (no shield)
rPois  .         Gourm    .     t - +2 helmet
rElec  +         Spirit   .     L - +0 cloak
rCorr  .         Warding  .     (no gloves)
rMut   .         Stasis   .     (no boots)
MR     +....                    g - amulet of clarity
Stlth  ++........               J - +5 ring of strength
                                E - ring of protection from magic

@: repel missiles, somewhat resistant to hostile enchantments, unstealthy
A: no striking features
a: Renounce Religion


You were in a bailey.
You worshipped Vehumet.
Vehumet was greatly pleased with you.
You were not hungry.

You visited 1 branch of the dungeon, and saw 10 of its levels.
You also visited: Bailey.

You collected 609 gold pieces.

Inventory:

Hand weapons
 j - a +1 war axe of chopping
 u - a +3 flail of protection (weapon)
 C - a +1 whip of flaming
 I - a +0 long sword of electrocution
 S - a +1 long sword of electrocution
 T - the +6 trident of the Lamprey {freeze, -Tele rElec Str+6, unknown}
   (You found it on level 10 of the Dungeon)

   It has been specially enchanted to freeze those struck by it, causing extra
   injury to most foes and up to half again as much damage against particularly
   susceptible opponents.
   It can also slow down cold-blooded creatures.
   It affects your strength (+6).
   It insulates you from electricity.
   It prevents most forms of teleportation.
Armour
 t - a +2 helmet (worn)
 x - the +1 leather armour of Chill Winds (worn) {rElec rC+ Int+5}
   (You found it on level 4 of the Dungeon)

   It affects your intelligence (+5).
   It protects you from cold.
   It insulates you from electricity.
 L - a +0 cloak (worn)
Magical staves
 D - an uncursed staff of earth
 M - an uncursed staff of death {unknown}
Jewellery
 g - an amulet of clarity (around neck)
 m - an uncursed amulet of stasis
 z - an uncursed amulet of resist mutation
 E - a ring of protection from magic (left hand)
 G - an uncursed amulet of resist corrosion
 J - a +5 ring of strength (right hand)
 K - an uncursed ring of flight
Magical devices
 d - a wand of disintegration (3)
 y - a wand of cold (0)
Scrolls
 e - a scroll of blinking {unknown}
 k - a scroll of fog
 l - a scroll of immolation
 n - 2 scrolls of magic mapping {unknown}
 p - 3 scrolls of remove curse
 w - a scroll of fear {unknown}
 F - 3 scrolls of teleportation
 O - a scroll of random uselessness {unknown}
 R - a scroll of recharging {unknown}
 U - a scroll of identify
Potions
 q - a potion of magic
 r - a potion of cure mutation
 s - a potion of might
 v - a potion of degeneration
 A - a potion of mutation {unknown}
 B - a potion of invisibility {unknown}
 P - a potion of flight {unknown}
Books
 b - a book of Air

   Spells                             Type                      Level
   a - Shock                          Conjuration/Air              1
   b - Swiftness                      Charms/Air                   2
   c - Repel Missiles                 Charms/Air                   2
   d - Static Discharge               Conjuration/Air              3
   e - Lightning Bolt                 Conjuration/Air              5
Miscellaneous
 a - a fan of gales
Comestibles
 c - 6 bread rations
 i - 2 slices of pizza
 Q - 3 fruits


   Skills:
 + Level 4.2 Fighting
 + Level 4.2 Armour
 + Level 5.0 Dodging
 - Level 2.0 Stealth
 * Level 8.7 Spellcasting
 * Level 9.6 Conjurations
 * Level 9.9 Air Magic


You had 15 spell levels left.
You knew the following spells:

 Your Spells              Type           Power        Failure   Level  Hunger
a - Shock                 Conj/Air       ####         1%          1    None
b - Static Discharge      Conj/Air       ######..     1%          3    None
c - Repel Missiles        Chrm/Air       ####..       1%          2    None
d - Lightning Bolt        Conj/Air       ######....   1%          5    ####...
e - Magic Dart            Conj           ####         1%          1    None


Dungeon Overview and Level Annotations

Branches:
Dungeon (10/15)            Temple (0/1) D:7
   Lair: D:8-11         Orc: D:9-12

Altars:
Ashenzari
Elyvilon
Gozag
Kikubaaqudgha
Makhleb
Nemelex Xobeh
Okawaru
Ru
Sif Muna
Trog
Vehumet
Yredelemnul
The Shining One

Annotations:
D:4 Baka's ghost, experienced GrFi


Message History

Zapping:
d - a wand of disintegration (4)
Press: ? - help, Shift-Dir - straight line, f/p - orc knight
Aim: an orc knight, wielding a trident and wearing a ring mail (heavily wounded, chance to defeat MR: 48%)
The orc knight resists with some effort.
This wand has 3 charges left.
The orc knight hits you from afar with a trident!
You see here a bolt.
The orc warrior shoots a bolt.
The bolt closely misses you.
The orc knight roars a battlecry!
You see here a bolt.
The orc warrior shoots a bolt.
The bolt hits you!
There is an empty arch of ancient stone, spattered with blood here.
You see here a bolt.
There is a gate leading back out of this place here.
The orc knight roars a battlecry!
The orc warrior goes into a battle-frenzy!
The orc knight hits you from afar with a trident!
* * * LOW HITPOINT WARNING * * *
The orc warrior shoots a bolt.
The bolt hits you!!
You die...

# ### ##. #########@##
### #)o ##.....##((.#
....
#...#..≈≈≈..#.o.#..≈≈≈
#...#.≈≈.≈≈..(....≈≈.≈
#...'.≈).)≈..(....≈)..
#(≈≈)≈≈.......≈≈)≈
#..≈≈≈..#...#..≈≈≈
##o.o..##...##....
#########∩## ####


You could see an orc knight and an orc warrior (frenzied).

Vanquished Creatures
  A fire dragon (D:9)
  An unseen horror (D:10)
  Pikel (D:6)
  3 orc knights (Bailey)
  Grinder (D:6)
  3 yaks (D:9)
  A deep elf mage (D:10)
  A hungry ghost (D:8)
  7 orc warriors
  11 ogres
  2 sky beasts
  3 ice beasts
  2 centaurs
  A wasp (D:8)
  A slave (D:6)
  3 big kobolds
  A giant frog (D:9)
  2 wyvern zombies (D:9)
  A wight (D:10)
  A scorpion (D:10)
  2 electric eels (D:10)
  3 crimson imps
  A quasit (D:8)
  A centaur zombie (D:7)
  4 orc priests
  A centaur skeleton (D:6)
  2 giant frog zombies
  A gnoll shaman (D:4)
  5 iguanas
  2 jellies
  3 orc wizards
  2 giant frog skeletons
  3 hounds
  8 worker ants
  A killer bee zombie (D:8)
  A hound zombie (D:5)
  A hound skeleton (D:5)
  A worker ant zombie (D:5)
  5 gnolls (D:4)
  4 shadow imps
  9 adders
  An adder zombie (D:9)
  An ooze (D:2)
  An adder skeleton (D:9)
  4 worms (D:2)
  4 giant geckos
  25 orcs
  3 ball pythons
  10 bats
  A bat zombie (D:6)
  3 giant cockroaches
  15 goblins
  13 hobgoblins
  2 jackals (D:7)
  30 kobolds
  5 quokkas
  A giant gecko skeleton (D:8)
  5 giant newts
  A jackal zombie (D:7)
  2 quokka skeletons
  15 rats
249 creatures vanquished.

Notes
Turn   | Place    | Note
--------------------------------------------------------------
     0 | D:1      | HEYYEYAAE the Human Air Elementalist began the quest for the Orb.
     0 | D:1      | Reached XP level 1. HP: 13/13 MP: 3/3
   241 | D:1      | Reached XP level 2. HP: 8/19 MP: 5/5
  1117 | D:2      | Reached XP level 3. HP: 11/24 MP: 0/6
  1122 | D:2      | Learned a level 3 spell: Static Discharge
  1228 | D:2      | Found a basalt altar of Yredelemnul.
  1444 | D:2      | Found a white marble altar of Elyvilon.
  1571 | D:2      | Reached XP level 4. HP: 26/31 MP: 1/7
  1920 | D:2      | Found a faded altar to an unknown god.
  2038 | D:2      | Found a radiant altar of Vehumet.
  2066 | D:2      | Became a worshipper of Vehumet
  2291 | D:3      | Learned a level 2 spell: Repel Missiles
  2481 | D:3      | Reached skill level 6 in Spellcasting
  2481 | D:3      | Reached skill level 7 in Air Magic
  2481 | D:3      | Reached XP level 5. HP: 9/36 MP: 3/14
  2692 | D:3      | Learned a level 5 spell: Lightning Bolt
  2817 | D:3      | Reached XP level 6. HP: 37/42 MP: 7/15
  2921 | D:4      | Noticed Baka's ghost (experienced GrFi)
  3183 | D:4      | Reached skill level 1 in Fighting
  3183 | D:4      | Reached XP level 7. HP: 17/48 MP: 7/16
  3183 | D:4      | Acquired Vehumet's first power
  3183 | D:4      | Offered knowledge of Magic Dart by Vehumet.
  3279 | D:4      | Found a glowing golden altar of the Shining One.
  3298 | D:4      | Reached skill level 1 in Armour
  3640 | D:4      | Found a bloodstained altar of Trog.
  3666 | D:4      | Reached XP level 8. HP: 25/54 MP: 1/18
  3811 | D:4      | Got a transparent leather armour
  3822 | D:4      | Identified the cursed +1 leather armour of Chill Winds {rElec rC+ Int+5} (You found it on level 4 of the Dungeon)
  4012 | D:5      | Entered Level 5 of the Dungeon
  4174 | D:5      | Learned a level 1 spell: Magic Dart
  4256 | D:5      | Found a shattered altar of Ashenzari.
  4328 | D:5      | Found a white marble altar of Elyvilon.
  4392 | D:5      | Found a sparkling altar of Nemelex Xobeh.
  4442 | D:5      | Reached skill level 8 in Air Magic
  4543 | D:5      | Found a bloodstained altar of Trog.
  4818 | D:6      | Found an ancient bone altar of Kikubaaqudgha.
  4944 | D:6      | Noticed Pikel
  4979 | D:6      | Killed Pikel
  4979 | D:6      | Reached XP level 9. HP: 29/62 MP: 7/19
  5000 | D:6      | Offered knowledge of Throw Frost by Vehumet.
  5268 | D:6      | Noticed Grinder
  5283 | D:6      | Killed Grinder
  5548 | D:7      | Found an iron altar of Okawaru.
  5729 | D:7      | Found a staircase to the Ecumenical Temple.
  5962 | D:7      | Found a deep blue altar of Sif Muna.
  5983 | D:8      | Offered knowledge of Conjure Flame by Vehumet.
  6119 | D:8      | Found a burning altar of Makhleb.
  6148 | D:8      | Reached XP level 10. HP: 69/69 MP: 4/21
  6316 | D:8      | Acquired Vehumet's second power
  6493 | D:8      | Found an opulent altar of Gozag.
  6667 | D:9      | Offered knowledge of Mephitic Cloud by Vehumet.
  6815 | D:9      | Noticed a fire dragon
  6822 | D:9      | Killed a fire dragon
  6822 | D:9      | Reached skill level 9 in Air Magic
  7252 | D:9      | Acquired Vehumet's third power
  7264 | D:9      | Offered knowledge of Inner Flame by Vehumet.
  7607 | D:9      | Found a sacrificial altar of Ru.
  7780 | D:10     | Entered Level 10 of the Dungeon
  7967 | D:10     | Reached XP level 11. HP: 71/76 MP: 12/23
  7987 | D:10     | Got an iridescent trident
  8073 | D:10     | Killed an unseen horror
  8449 | D:10     | Found a flagged portal.
  8469 | Bailey   | Entered a bailey
  8469 | Bailey   | Noticed an orc knight
  8471 | Bailey   | Noticed an orc knight
  8490 | Bailey   | Killed an orc knight
  8631 | Bailey   | Noticed an orc knight
  8653 | Bailey   | Killed an orc knight
  8778 | Bailey   | Killed an orc knight
  8918 | Bailey   | Reached skill level 5 in Dodging
  9014 | Bailey   | Noticed an orc knight
  9031 | Bailey   | Shot with a bolt by an orc warrior

Vault maps used:
D:1:      matt_arrival_refuge
D:2:      lemuel_doored_altar, lemuel_crystal_altar, ecumenical_altar_2,
          first_bread, serial_bayou_pond_d, elyvilon_altar_3
D:4:      tso_oasis_becter, kennysheep_mini, grunt_decor_mini_mirrors,
          minmay_parallelograms
D:5:      lemuel_round_altar, nemelex_xobeh_ov_fountains_minmay,
          nicolae_overflow_crystal_walls, trog_hazing_becter
D:6:      kiku_gazebo_pond_becter, uniq_pikel, uniq_grinder
D:7:      lemuel_crystal_altar, kennysheep_little_box, minmay_temple_entry_hall
D:8:      bloody_makhleb, basic_altar
D:9:      dragon1_lemuel, lemuel_round_altar
D:10:     enter_bailey_3, blue_anna_alchemist, uniq_snorg
Bailey:   bailey_polearm_4, bailey

Action                   |  1- 3 |  4- 6 |  7- 9 | 10-12 || total
-------------------------+-------+-------+-------+-------++-------
Melee: Short sword       |    62 |    27 |       |       ||    89
       War axe           |       |    10 |    13 |       ||    23
       Flail             |       |       |   144 |    57 ||   201
 Cast: Shock             |    51 |    78 |   104 |   255 ||   488
       Static Discharge  |       |     5 |    34 |    40 ||    79
       Repel Missiles    |       |       |     2 |       ||     2
       Magic Dart        |       |       |    17 |    11 ||    28
       Lightning Bolt    |       |       |     3 |     5 ||     8
 Abil: Evoke Flight      |       |       |       |     1 ||     1
Evoke: Wand              |       |       |       |    15 ||    15
  Use: Potion            |     2 |     3 |       |     4 ||     9
       Scroll            |       |     5 |     4 |     5 ||    14
 Stab: Sleeping          |     1 |     3 |     7 |     1 ||    12
  Eat: Chunk             |     3 |     6 |    10 |     4 ||    23
       Beef jerky        |       |       |       |     3 ||     3
       Meat ration       |       |       |       |     1 ||     1
